 Dungeon Crawl Stone Soup version 0.27-a0-828-g8289197 (webtiles) character file.

Game seed: 8871788638653089924

1418 2tousent the Sneak (level 8, 0/36 HPs)
             Began as a Vine Stalker Enchanter on Mar 30, 2021.
             Was an Initiate of Gozag.
             Slain by a cyan ugly thing (7 damage)
             ... on level 6 of the Dungeon.
             The game lasted 00:18:17 (5539 turns).

2tousent the Sneak (Vine Stalker Enchanter)         Turns: 5539, Time: 00:18:17

Health: 0/36       AC:  6    Str: 11    XL:     8   Next: 71%
Magic:  0/14       EV: 13    Int: 17    God:    Gozag
Gold:   1249       SH:  0    Dex: 17    Spells: 6/14 levels left

rFire    + . .     SeeInvis .   a - +1 dagger (spect)
rCold    . . .     Faith    .   (no shield)
rNeg     + . .     Spirit   +   r - +2 robe of Incorporation {rF+ rN+ Int+2 Stlth+}
rPois    .         Reflect  .   (no helmet)
rElec    .         Harm     .   q - +0 cloak
rCorr    .         Rampage  .   j - +0 pair of gloves
Will     +....                  (no boots)
Stlth    +++++.....             (no amulet)
HPRegen  1.12/turn              i - ring of flight
MPRegen  0.14/turn              (no ring)

@: flying
A: fangs 3, regeneration 1, magic shield, antimagic bite, no potion heal 3
a: Renounce Religion, Potion Petition, Call Merchant, Bribe Branch


You were on level 6 of the Dungeon.
You worshipped Gozag.
Gozag was most pleased with you.
You visited 1 branch of the dungeon, and saw 6 of its levels.

You collected 1387 gold pieces.
You spent 105 gold pieces at shops.
You paid 33 gold pieces to Gozag.

Inventory:

Hand Weapons
 a - a +1 spectral dagger (weapon)
Armour
 b - a +0 robe
 e - a +0 buckler
 j - a +0 pair of gloves (worn)
 q - a +0 cloak (worn)
 r - the +2 robe of Incorporation (worn) {rF+ rN+ Int+2 Stlth+}
   (You took it off a hobgoblin on level 4 of the Dungeon)

   It affects your intelligence (+2).
   It protects you from fire.
   It protects you from negative energy.
   It makes you more stealthy.
Jewellery
 i - a ring of flight (left hand)
 t - a ring of protection from cold
Wands
 s - a wand of mindburst (11)
Scrolls
 c - a scroll of teleportation
 g - a scroll of blinking
 k - a scroll of brand weapon
 m - a scroll of identify
Potions
 d - a potion of degeneration {unknown}
 f - a potion of ambrosia
 h - a potion of attraction
 l - a potion of brilliance
 n - 2 potions of might
 o - 3 potions of curing
 p - 3 potions of flight


   Skills:
 * Level 4.1 Short Blades
 + Level 2.9 Dodging
 * Level 7.0 Stealth
 + Level 3.6 Spellcasting
 * Level 3.0 Conjurations
 + Level 4.4 Hexes
 - Level 1.4 Ice Magic
 * Level 3.1 Air Magic
 * Level 3.1 Poison Magic


You had 6 spell levels left.
You knew the following spells:

 Your Spells              Type           Power      Damage    Failure   Level
b - Ensorcelled Hibernat  Hex/Ice        26%        N/A       8%          2
c - Tukima's Dance        Hex            18%        N/A       8%          3
d - Mephitic Cloud        Conj/Pois/Air  13%        N/A       14%         3

Your spell library contained the following spells:

 Spells                   Type           Power      Damage    Failure   Level
 Corona                   Hex            20%        N/A       2%          1
 Magic Dart               Conj           52%        1d5       4%          1
 Slow                     Hex            18%        N/A       4%          2
 Confusing Touch          Hex            18%        N/A       8%          3
 Dazzling Flash           Conj/Hex       30%        N/A       11%         3
 Beastly Appendage        Tmut           6%         N/A       17%         1
 Sandblast                Erth           6%         2d5       17%         1
 Blink                    Tloc           N/A        N/A       26%         2
 Call Imp                 Summ           3%         N/A       26%         2
 Passwall                 Tmut/Erth      2%         N/A       26%         2
 Wereblood                Tmut           3%         N/A       26%         2
 Conjure Flame            Conj/Fire      8%         6-21      26%         3
 Spider Form              Tmut/Pois      4%         N/A       26%         3
 Stone Arrow              Conj/Erth      16%        3d8       26%         3
 Ice Form                 Ice/Tmut       5%         N/A       77%         4
 Petrify                  Tmut/Erth      3%         N/A       86%         4
 Hydra Form               Tmut           1%         N/A       99%         5
 Lee's Rapid Deconstruct  Erth           1%         3d5*      99%         5


Dungeon Overview and Level Annotations

Branches:
Dungeon (6/15)
 Temple: D:4-7

Altars:
Gozag
Kikubaaqudgha
Ru
Sif Muna
Uskayaw
The Shining One

Shops:
D:3 ?   D:6 (


Innate Abilities, Weirdness & Mutations

You have razor-sharp teeth.
Your natural rate of healing is unusually fast.
When hurt, damage is shared between your health and your magic reserves.
Your bite disrupts and absorbs the magic of your enemies.
Potions cannot restore your health.


Message History

Confirm with . or Enter, or press ? or * to list all spells.
Aiming: Ensorcelled Hibernation (safe; 8% risk of failure)
Press: ? - help, Shift-Dir - straight line, f - cyan ugly thing
Aim: a cyan ugly thing (chance to affect: 27%)
Okay, then.
Casting: Ensorcelled Hibernation (safe; 8% risk of failure)
Confirm with . or Enter, or press ? or * to list all spells.
Aiming: Ensorcelled Hibernation (safe; 8% risk of failure)
Press: ? - help, Shift-Dir - straight line, f - cyan ugly thing
Aim: a cyan ugly thing (chance to affect: 27%)
The cyan ugly thing easily resists.
The cyan ugly thing barely misses you. The cyan ugly thing punches you!
The cyan ugly thing shocks you!
Aiming: Mindburst
Press: ? - help, Shift-Dir - straight line, f/p - cyan ugly thing
Aim: a cyan ugly thing (chance to affect: 48%)
The cyan ugly thing resists with some effort.
The cyan ugly thing misses you.
Aiming: Mindburst
Press: ? - help, Shift-Dir - straight line, f/p - cyan ugly thing
Aim: a cyan ugly thing (chance to affect: 48%)
The cyan ugly thing resists with some effort.
The cyan ugly thing punches you! The cyan ugly thing shocks you!
* * * LOW HITPOINT WARNING * * *
Unknown command.
Aiming: Mindburst
Press: ? - help, Shift-Dir - straight line, f/p - cyan ugly thing
Aim: a cyan ugly thing (chance to affect: 48%)
The cyan ugly thing resists with some effort.
The cyan ugly thing punches you but does no damage.
Aiming: Mindburst
Press: ? - help, Shift-Dir - straight line, f/p - cyan ugly thing
Aim: a cyan ugly thing (chance to affect: 48%)
The cyan ugly thing resists with some effort.
The cyan ugly thing punches you but does no damage.
Casting: Ensorcelled Hibernation (safe; 8% risk of failure)
Confirm with . or Enter, or press ? or * to list all spells.
You don't know that spell.
The cyan ugly thing punches you!
You die...
Your body crumbles into a pile of gold.

#.#...#....[...#
#.#.#.#........#
#...#.#.∩......#
....#.#........#
......#........##
........>.....(.##
.######.####.##..#
#.# #.###.## #.#
#.# #@.# ..# #.#
##u# ... ..# #.#
######### ### #.#
....... $ $ #.#
....# $ #.# ...#
#.# ...# #.# .###
#.#


You could see a cyan ugly thing.

Vanquished Creatures
  Sigmund (D:2)
  Duvessa (D:5)
  A black bear (D:6)
  2 ogres (D:4)
  A phantom (D:5)
  Dowan (D:5)
  3 scorpions
  A water moccasin skeleton (D:4)
  An orc priest (D:5)
  3 hounds
  2 centaur skeletons
  4 iguanas
  An orc wizard (D:6)
  2 hound skeletons
  8 adders
  An adder skeleton (D:4)
  A dart slug (D:1)
  13 orcs
  3 bats
  5 endoplasms
  A giant cockroach (D:3)
  A goblin (D:4)
  9 hobgoblins
  9 jackals
  5 kobolds
  5 quokkas
  5 ball pythons
  4 frilled lizards
  6 rats
100 creatures vanquished.

Vanquished Creatures (collateral kills)
  An ogre (D:5)
1 creature vanquished.

Grand Total: 101 creatures vanquished

Notes
Turn   | Place    | Note
-------+----------+-------------------------------------------
     0 | D:1      | 2tousent the Vine Stalker Enchanter began the quest for the
                  | Orb.
     0 | D:1      | Reached XP level 1. HP: 9/9 MP: 4/4
    47 | D:1      | Reached skill level 1 in Short Blades
   486 | D:1      | Reached XP level 2. HP: 12/13 MP: 6/6
   532 | D:1      | Learned a level 2 spell: Ensorcelled Hibernation
   618 | D:1      | Reached skill level 4 in Stealth
  1311 | D:1      | Reached XP level 3. HP: 8/16 MP: 2/7
  1315 | D:1      | Learned a level 3 spell: Tukima's Dance
  1753 | D:2      | Found an opulent altar of Gozag.
  2152 | D:2      | Noticed Sigmund
  2176 | D:2      | Became a worshipper of Gozag Ym Sagoz the Greedy
  2734 | D:2      | Found a shimmering blue altar of Sif Muna.
  2802 | D:2      | Found a glowing golden altar of the Shining One.
  2878 | D:2      | Killed Sigmund
  2879 | D:2      | Reached skill level 5 in Stealth
  2879 | D:2      | Reached skill level 1 in Ice Magic
  2879 | D:2      | Gained mutation: Your natural rate of healing is unusually
                  | fast. [Vine Stalker growth]
  2879 | D:2      | Reached XP level 4. HP: 21/21 MP: 5/9
  2879 | D:2      | Reached XP level 5. HP: 24/24 MP: 5/10
  2938 | D:3      | Found Ontoi's Magic Scroll Shop.
  2943 | D:3      | Bought a scroll of blinking for 105 gold pieces
  3062 | D:3      | Reached XP level 6. HP: 28/28 MP: 11/11
  3265 | D:3      | Learned a level 3 spell: Mephitic Cloud
  3352 | D:3      | You are sucked into a shaft and drop 1 floor!
  3413 | D:4      | Identified the +2 robe of Incorporation {rF+ rN+ Int+2
                  | Stlth+}
  3518 | D:4      | Found a sacrificial altar of Ru.
  3532 | D:4      | Found an ancient bone altar of Kikubaaqudgha.
  4011 | D:4      | Reached skill level 1 in Conjurations
  4011 | D:4      | Reached skill level 1 in Air Magic
  4011 | D:4      | Reached skill level 1 in Poison Magic
  4011 | D:4      | Reached XP level 7. HP: 32/32 MP: 0/12
  4520 | D:4      | Reached skill level 6 in Stealth
  4576 | D:5      | Entered Level 5 of the Dungeon
  4657 | D:5      | Found a hide-covered altar of Uskayaw.
  4750 | D:5      | Noticed Duvessa
  4756 | D:5      | Noticed Dowan
  4762 | D:5      | Killed Duvessa
  4763 | D:5      | Gained mutation: You have razor-sharp teeth. [Vine Stalker
                  | growth]
  4763 | D:5      | Reached XP level 8. HP: 26/36 MP: 8/14
  4780 | D:5      | Killed Dowan
  5216 | D:5      | Identified a scroll of acquirement
  5216 | D:5      | Acquired 643 gold pieces
  5219 | D:6      | Found a shimmering blue altar of Sif Muna.
  5380 | D:6      | Noticed a four-headed hydra
  5425 | D:6      | Found Asmei's Antique Weapon Boutique.
  5446 | D:6      | Reached skill level 7 in Stealth
  5517 | D:6      | Noticed a cyan ugly thing
  5533 | D:6      | HP: 1/36 [cyan ugly thing (12)]
  5539 | D:6      | Slain by a cyan ugly thing

Illustrated notes

Levels and vault maps discovered:
D:1:      onia_arrival_pentagram, layout_basic, grunt_decor_mini_mirrors
D:2:      layout_loops_cross, led_sif_pool, marbit_many_paths, serial_glass,
          glass_columns_c, glass_columns_c, nicolae_gozag_seed_capital,
          uniq_sigmund
D:3:      layout_rooms, serial_shops, shop, ebering_ghost_reflecting_pool
D:4:      layout_loops_cross, lemuel_crystal_altar, nicolae_ru_awakened_eye,
          wad_rectangle_vault
D:5:      layout_rooms, nicolae_uskayaw_suspiria,
          hangedman_decor_clover_reticule, uniq_duvessa
D:6:      minmay_opposing_rooms, layout_basic, kennysheep_little_box,
          minitemple, serial_shops, shop, basic_altar, uniq_menkaure

Skill      XL: |  1  2  3  4  5  6  7  8 |
---------------+-------------------------+-----
Short Blades   | 1 2 3 4 |  4.1
Stealth        | 4 5 6 7 |  7.0
Dodging        | 2 |  2.9
Ice Magic      | 1 |  1.4
Spellcasting   | 3 |  3.6
Conjurations   | 1 2 3 |  3.0
Air Magic      | 1 2 3 |  3.1
Poison Magic   | 1 2 3 |  3.1
Hexes          | 4 |  4.4

Action                   |  1- 3 |  4- 6 |  7- 9 || total
-------------------------+-------+-------+-------++-------
Melee: Dagger            |    92 |    69 |    89 ||   250
       Bite              |    15 |    13 |    27 ||    55
 Cast: Ensorcelled Hiber |     5 |    18 |    11 ||    34
       Tukima's Dance    |       |       |     1 ||     1
       Mephitic Cloud    |       |       |     1 ||     1
Evoke: Wand              |       |       |     5 ||     5
  Use: Scroll            |     3 |     1 |     9 ||    13
       Potion            |     3 |       |       ||     3
 Stab: Sleeping          |     8 |    12 |    13 ||    33
       Distracted        |     1 |     3 |     2 ||     6
Armor: Robe              |    10 |    13 |    19 ||    42
Dodge: Dodged            |    51 |    42 |    47 ||   140

Table legend: (Time is in decaauts)
 A = Elapsed time spent in this place.
 B = Non-inter-level travel time spent in this place.
 C = Inter-level travel time spent in this place.
 D = Time resting spent in this place.
 E = Time spent auto-exploring this place.
 F = Levels seen in this place.
 G = Mean time per level.
                   A        B        C        D        E       F      G
               +--------+--------+--------+--------+--------+-----+--------+
         Total |   5505 |   5353 |    152 |     82 |   4297 |   6 |  917.5 |
       Dungeon |   5505 |   5353 |    152 |     82 |   4297 |   6 |  917.5 |
               +--------+--------+--------+--------+--------+-----+--------+

Top non-repeatable levels by time:
     D:1: 1717 daAuts
     D:4: 1218 daAuts
     D:2: 1213 daAuts
     D:5: 633 daAuts
     D:3: 408 daAuts
     D:6: 314 daAuts
